[Event "Team 45 45 League T38"]
[Site "Internet Chess Club"]
[Date "2008.08.18"]
[Round "4"]
[White "alaskauk"]
[Black "toadwarble"]
[Result "1-0"]
[WhiteElo "1509"]
[BlackElo "1193"]
[Opening "Sicilian: dragon, 6.Be3"]
[ECO "B72"]
[Time "15:01:40"]
[TimeControl "2700+45"]

1. e4 c5 2. Nf3 d6 3. d4 cxd4 4. Nxd4 Nf6 5. Nc3 g6 6. Be3 Bg7 7. Bd3 O-O 8. Qd2
Nc6 9. Nxc6 bxc6 10. f3 Re8 11. g4 Nd7 12. O-O-O Ne5 13. Be2 Be6 14. Bh6 Bh8 15.
h4 Nc4 16. Bxc4 Bxc4 17. b3 Be6 18. h5 Qa5 19. Na4 Qxd2+ 20. Rxd2 Reb8 21. hxg6
fxg6 22. Bg5 Rb7 23. Rdh2 Rb5 24. Bd2 h5 25. gxh5 Rxh5 26. Rxh5 gxh5 27. Rxh5
Rf8 28. Rg5+ Kf7 29. Bc3 Bxc3 30. Nxc3 Kf6 31. Rg2 Ke5 32. Rf2 Kd4 33. Kd2 Bg4
34. Ne2+ Ke5 35. Ke3 Bh5 36. Ng3 Be8 37. Rh2 Rg8 38. Ne2 c5 39. Rh6 Bg6 40. Nf4
Kf6 41. Nxg6 Rxg6 42. Rxg6+ Kxg6 43. c3 Kf6 44. b4 cxb4 45. cxb4 Ke6 46. Kd4 Kd7
47. f4 Kc6 48. Kc4 e6 49. f5 exf5 50. exf5 Kd7 51. Kd5 Ke7 52. f6+ Kxf6 53. Kxd6
a6 54. a4 Kf7 55. Kc7 Ke7 56. b5 axb5 57. axb5 Ke6 58. b6 Kd5 59. b7 {Black
resigns} 1-0

[Event "Team 45 45 League T38"]
[Site "Internet Chess Club"]
[Date "2008.08.18"]
[Round "4"]
[White "Tjet"]
[Black "ErycC"]
[Result "0-1"]
[WhiteElo "1588"]
[BlackElo "1538"]
[Opening "English opening"]
[ECO "A20"]
[Time "20:04:26"]
[TimeControl "2700+45"]

1. c4 e5 2. g3 c6 3. Bg2 Nf6 4. Nc3 d5 5. cxd5 Nxd5 6. Nxd5 cxd5 7. Qb3 e4 8. e3
b6 9. Ne2 Bg4 10. Nf4 Bf3 11. O-O Bxg2 12. Kxg2 Nc6 13. Qxd5 Qxd5 14. Nxd5 O-O-O
15. Nc3 Bb4 16. a3 Bxc3 17. bxc3 Ne5 18. a4 h5 19. Ra2 h4 20. a5 b5 21. Ba3 Nc4
22. Be7 h3+ 23. Kh1 Rxd2 24. Rxd2 Nxd2 25. Rd1 Nc4 26. Bb4 Rd8 27. Rxd8+ Kxd8
28. Kg1 Kd7 29. Bc5 a6 30. Bb4 Ke6 31. Kf1 Ne5 32. f4 exf3 33. Kf2 Kf5 34. Bd6
Ng4+ 35. Kxf3 Nxh2+ 36. Kf2 Ng4+ 37. Kg1 Ke4 38. Bc5 Kf3 39. Bd4 g6 40. e4 Kxe4
41. Bb6 f5 42. Bd4 Kd3 43. Bg7 Ke2 44. Bd4 Kf3 45. Kh1 Kxg3 46. c4 bxc4 47. Bc3
h2 48. Be1+ Kf3 49. Bg3 Ke4 50. Be1 Kd4 51. Kg2 Kd3 52. Bg3 c3 53. Bxh2 Nxh2 54.
Kxh2 c2 {White resigns} 0-1

[Event "Team 45 45 League T38"]
[Site "Internet Chess Club"]
[Date "2008.08.17"]
[Round "4"]
[White "wekabird"]
[Black "BarryNL"]
[Result "0-1"]
[WhiteElo "1294"]
[BlackElo "1536"]
[Opening "English opening"]
[ECO "A22"]
[Time "05:00:14"]
[TimeControl "2700+45"]

1. c4 e5 2. Nc3 Nf6 3. e4 Nc6 4. g3 Bc5 5. h3 a6 6. Bg2 d6 7. Nf3 Be6 8. b3 Nd7
9. O-O f5 10. d3 Qf6 11. Ng5 O-O-O 12. Nxe6 Qxe6 13. Rb1 Rdf8 14. b4 Nxb4 15.
Nd5 Nxd5 16. cxd5 Qg6 17. Qb3 Nb6 18. a4 a5 19. exf5 Rxf5 20. Be4 Qxg3+ 21. Bg2
Rxf2 22. Rxf2 Qxf2+ 23. Kh2 Qg1+ 24. Kg3 Bf2+ 25. Kf3 Rf8+ 26. Ke4 Qxg2# {White
checkmated} 0-1

[Event "Team 45 45 League T38"]
[Site "Internet Chess Club"]
[Date "2008.08.15"]
[Round "4"]
[White "forsyth"]
[Black "guyd52"]
[Result "1-0"]
[WhiteElo "1386"]
[BlackElo "1243"]
[Opening "Pirc: Austrian attack"]
[ECO "B09"]
[Time "18:00:18"]
[TimeControl "2700+45"]

1. e4 g6 2. d4 d6 3. f4 Nf6 4. Nc3 Bg7 5. Nf3 O-O 6. h3 h5 7. Bd3 Nbd7 8. O-O
Re8 9. Qe1 b6 10. e5 dxe5 11. fxe5 Nh7 12. e6 Ndf6 13. exf7+ Kxf7 14. Ne5+ Kg8
15. Be3 Nd7 16. Bc4+ e6 17. Nxg6 Ndf8 18. Qg3 Qd6 19. Ne5 Re7 20. Rf2 Nd7 21.
Ne4 Qb4 22. Nc6 Qxc4 23. Nxe7+ Kh8 24. Bh6 Qxd4 25. Nf6 Bxf6 26. Qg8# {Black
checkmated} 1-0

[Event "Team 45 45 League T38"]
[Site "Internet Chess Club"]
[Date "2008.08.16"]
[Round "4"]
[White "WilmaP"]
[Black "reverendjim"]
[Result "0-1"]
[WhiteElo "1127"]
[BlackElo "1179"]
[Opening "Caro-Kann: advance variation"]
[ECO "B12"]
[Time "14:00:35"]
[TimeControl "2700+45"]

1. e4 c6 2. d4 d5 3. e5 Bf5 4. f4 h6 5. Nf3 e6 6. h3 Be7 7. Be3 Qb6 8. b3 c5 9.
c4 Qc6 10. Nc3 Na6 11. a3 Nc7 12. Be2 b6 13. Qd2 a6 14. Bd1 b5 15. b4 cxb4 16.
axb4 bxc4 17. Ba4 Nb5 18. O-O Bxb4 19. Qb2 Bxc3 20. Bxb5 axb5 21. Rxa8+ Qxa8 22.
Qxc3 Ne7 23. Ra1 Qb7 24. Qb4 O-O 25. Bf2 Nc6 26. Qc5 b4 27. Be1 b3 28. Rb1 Bxb1
29. Nd2 Bc2 30. Bh4 b2 31. f5 Bxf5 32. g4 b1=Q+ 33. Nxb1 Qxb1+ 34. Kg2 Be4+ 35.
Kg3 Qd3+ 36. Kh2 Qe2+ 37. Kg3 Qf3+ 38. Kh2 Qg2# {White checkmated} 0-1

[Event "Team 45 45 League T38"]
[Site "Internet Chess Club"]
[Date "2008.08.19"]
[Round "4"]
[White "jazzyrick"]
[Black "albacore"]
[Result "1/2-1/2"]
[WhiteElo "1495"]
[BlackElo "1395"]
[Opening "Scandinavian defense"]
[ECO "B01"]
[Time "19:00:46"]
[TimeControl "2700+45"]

1. e4 d5 2. exd5 Nf6 3. Nf3 Nxd5 4. d4 Bf5 5. c4 Nb4 6. Na3 e6 7. Bf4 c5 8. Be3
Nd7 9. Be2 Nc6 10. O-O cxd4 11. Nxd4 Nce5 12. Nxf5 exf5 13. Nb5 Bc5 14. Nd6+
Bxd6 15. Qxd6 Qe7 16. Rfd1 Qxd6 17. Rxd6 O-O-O 18. Rad1 b6 19. b4 Rhe8 20. f4
Ng4 21. Bxg4 fxg4 22. Kf2 Re4 23. R1d4 Rxd4 24. Rxd4 f5 25. c5 b5 26. Rd6 Nb8
27. Rxd8+ Kxd8 28. Ke2 Kd7 29. Bd4 Nc6 30. Bc3 Ke6 31. a3 g6 32. Kd3 Kd5 33. Bf6
Ke6 34. Bc3 Kd5 35. g3 Ke6 36. Bb2 Kd5 37. Bf6 Ke6 38. Bc3 Kd5 39. Bf6 {Game
drawn by mutual agreement} 1/2-1/2

[Event "Team 45 45 League T38"]
[Site "Internet Chess Club"]
[Date "2008.08.19"]
[Round "4"]
[White "Glassywoman"]
[Black "Conjurer"]
[Result "0-1"]
[WhiteElo "1463"]
[BlackElo "1267"]
[Opening "Sicilian defense"]
[ECO "B20"]
[Time "22:04:55"]
[TimeControl "2700+45"]

1. e4 c5 2. Bc4 d6 3. Nf3 Nf6 4. Ng5 e6 5. d4 cxd4 6. Qxd4 Nc6 7. Bb5 Bd7 8.
Bxc6 Bxc6 9. O-O g6 10. Nc3 Bg7 11. e5 dxe5 12. Qxe5 O-O 13. Qe1 Nd5 14. Nxd5
Qxd5 15. Be3 Qxg2# {White checkmated} 0-1

[Event "Team 45 45 League T38"]
[Site "Internet Chess Club"]
[Date "2008.08.15"]
[Round "4"]
[White "Just-Jim"]
[Black "ticopatzer"]
[Result "0-1"]
[WhiteElo "1444"]
[BlackElo "1443"]
[Opening "Two knights defense"]
[ECO "C57"]
[Time "18:55:00"]
[TimeControl "2700+45"]

1. e4 e5 2. Nf3 Nc6 3. Bc4 Nf6 4. Ng5 d5 5. Bb5 h6 6. Bxc6+ bxc6 7. Nf3 dxe4 8.
Nxe5 Qd5 9. f4 exf3 10. Nxf3 Bc5 11. Qe2+ Be6 12. Nc3 Qd6 13. a3 O-O 14. b4 Rfe8
15. bxc5 Qxc5 16. Ne5 Bg4 17. Qf2 Rxe5+ 18. Kf1 Rf5 19. Qxf5 Qxf5+ 20. Kg1 Re8
21. Bb2 Qc5+ 22. Kf1 Ne4 23. Nxe4 Rxe4 24. Re1 Rf4# {White checkmated} 0-1

[Event "Team 45 45 League T38"]
[Site "Internet Chess Club"]
[Date "2008.08.15"]
[Round "4"]
[White "Kalar-Yadwa"]
[Black "Traho"]
[Result "1/2-1/2"]
[WhiteElo "1319"]
[BlackElo "1262"]
[Opening "Nimzo-Indian defense"]
[ECO "E20"]
[Time "15:00:45"]
[TimeControl "2700+45"]

1. d4 Nf6 2. c4 e6 3. Nc3 Bb4 4. e4 Bxc3+ 5. bxc3 d6 6. Bg5 h6 7. Bh4 O-O 8. Bd3
Nbd7 9. Nf3 c5 10. O-O Qa5 11. Qc2 Nh5 12. Qd2 Re8 13. Rfe1 cxd4 14. cxd4 Qxd2
15. Nxd2 g5 16. Bg3 Nxg3 17. hxg3 e5 18. d5 Nc5 19. Bc2 Bd7 20. Nb3 b6 21. Nxc5
bxc5 {Game drawn by mutual agreement} 1/2-1/2

[Event "Team 45 45 League T38"]
[Site "Internet Chess Club"]
[Date "2008.08.18"]
[Round "4"]
[White "viking99"]
[Black "Sleete"]
[Result "0-1"]
[WhiteElo "1812"]
[BlackElo "2153"]
[Opening "Ruy Lopez: open, Bernstein variation"]
[ECO "C80"]
[Time "17:15:03"]
[TimeControl "2700+45"]

1. e4 e5 2. Nf3 Nc6 3. Bb5 a6 4. Ba4 Nf6 5. O-O Nxe4 6. d4 b5 7. Bb3 d5 8. dxe5
Be6 9. Nbd2 Nc5 10. c3 Be7 11. Bc2 d4 12. cxd4 Nxd4 13. Nxd4 Qxd4 14. Nf3 Qxd1
15. Rxd1 Nd7 16. Be4 O-O-O 17. Be3 Nc5 18. Bc6 Rxd1+ 19. Rxd1 Bxa2 20. Ra1 Rd8
21. h3 Bd5 22. Bxc5 Bxc5 23. Rxa6 Bxc6 24. Rxc6 Rd1+ 25. Kh2 Bxf2 26. Rc2 Bb6
27. Ng5 f6 28. exf6 gxf6 29. Nxh7 Bd4 30. Nf8 Be5+ 31. g3 Rb1 32. h4 Rxb2 33.
Rxb2 Bxb2 34. g4 Be5+ 35. Kg2 b4 36. h5 b3 37. h6 b2 38. h7 b1=Q 39. h8=Q Qe4+
40. Kf1 Qf3+ 41. Kg1 Bd4+ 42. Kh2 Qe2+ 43. Kh1 Qf1+ 44. Kh2 Be5# {White
checkmated} 0-1

[Event "Team 45 45 League T38"]
[Site "Internet Chess Club"]
[Date "2008.08.17"]
[Round "4"]
[White "Mikey29a"]
[Black "mickeys"]
[Result "0-1"]
[WhiteElo "1739"]
[BlackElo "1874"]
[Opening "French: exchange variation"]
[ECO "C01"]
[Time "19:01:34"]
[TimeControl "2700+45"]

1. e4 e6 2. d4 d5 3. exd5 exd5 4. Bd3 Bd6 5. Ne2 Ne7 6. Bf4 O-O 7. c3 Bf5 8. O-O
Re8 9. Bxd6 Qxd6 10. Ng3 Bxd3 11. Qxd3 Ng6 12. Nd2 Nf4 13. Qf3 Qf6 14. Nb3 Nh3+
15. Kh1 Qxf3 16. gxf3 Nd7 17. Rae1 Rxe1 18. Rxe1 Nxf2+ 19. Kg2 Nd3 20. Re7 Rd8
21. Na5 Kf8 22. Re3 Nf4+ 23. Kf2 Nf6 24. Ne2 Ne6 25. b3 Rb8 26. c4 Nd8 27. cxd5
Nxd5 28. Re5 c6 29. Kg3 f6 30. Rh5 Kg8 31. a3 g6 32. Rh3 Ne6 33. b4 Ne3 34. Kf2
Nf5 35. f4 Nc7 36. Nb3 Re8 37. Nc5 b6 38. Nb3 Nd5 39. Rf3 Kf7 40. Ng3 Nh4 41.
Rd3 Nxf4 42. Rc3 Re6 43. b5 cxb5 44. Rc7+ Re7 {White resigns} 0-1

[Event "Team 45 45 League T38"]
[Site "Internet Chess Club"]
[Date "2008.08.17"]
[Round "4"]
[White "cityprosecutor"]
[Black "AntonioMendonca"]
[Result "0-1"]
[WhiteElo "1746"]
[BlackElo "1728"]
[Opening "Sicilian defense"]
[ECO "B20"]
[Time "18:08:59"]
[TimeControl "2700+45"]

1. e4 c5 2. d3 Nc6 3. g3 g6 4. Bg2 Bg7 5. f4 d6 6. Nf3 e6 7. Nbd2 Nge7 8. O-O d5
9. a4 Qb6 10. Kh1 O-O 11. Nh4 dxe4 12. Nxe4 Rd8 13. Be3 Qxb2 14. Bxc5 Qxa1 15.
Qxa1 Bxa1 16. Rxa1 Nd5 17. c4 Ndb4 18. Rd1 Rxd3 19. Rxd3 Nxd3 20. Bd6 Kg7 21.
Nf3 f5 22. Nc3 Nf2+ 23. Kg1 Ng4 24. Nb5 Bd7 25. Nc7 Rc8 26. Ng5 Nd8 27. h3 Ne3
28. Be5+ Kg8 29. Bh1 Nxc4 30. Ncxe6 Nxe6 31. Bd5 Nxe5 32. Nxe6 Rc1+ 33. Kg2 Bc6
34. Bxc6 Nxc6 {White resigns} 0-1

[Event "Team 45 45 League T38"]
[Site "Internet Chess Club"]
[Date "2008.08.17"]
[Round "4"]
[White "allanchs"]
[Black "vollmerj"]
[Result "1/2-1/2"]
[WhiteElo "1561"]
[BlackElo "1736"]
[Opening "Alekhine's defense: exchange variation"]
[ECO "B03"]
[Time "08:01:59"]
[TimeControl "2700+45"]

1. e4 Nf6 2. e5 Nd5 3. d4 d6 4. c4 Nb6 5. exd6 cxd6 6. Nc3 Nc6 7. Be3 g6 8. Bd3
Bg7 9. Nge2 O-O 10. O-O Nb4 11. b3 Nxd3 12. Qxd3 Bf5 13. Qd2 Rc8 14. Bh6 d5 15.
Bxg7 Kxg7 16. c5 Na8 17. b4 Re8 18. f4 Nc7 19. a4 b6 20. c6 a6 21. b5 axb5 22.
axb5 Ra8 23. Ra2 Qd6 24. Rfa1 e6 25. Rxa8 Rxa8 26. Rxa8 Nxa8 27. Qa2 Nc7 28. Qa7
Nxb5 29. Nxb5 Qxc6 30. Nbc3 Bd3 31. Qa2 b5 32. Qb3 Qc4 33. Qxc4 dxc4 34. Nc1 b4
35. Nxd3 cxd3 36. Nb1 Kf6 37. Kf2 Kf5 38. Ke3 h5 39. g3 Kg4 40. Kf2 h4 41. Nd2
hxg3+ 42. hxg3 f6 43. Nb3 g5 44. fxg5 Kxg5 45. Kf3 f5 46. Nd2 Kg6 47. g4 Kf6 48.
gxf5 Kxf5 49. Nb3 e5 50. dxe5 Kxe5 51. Ke3 d2 52. Kxd2 Kd5 53. Kd3 {Game drawn
by mutual agreement} 1/2-1/2

[Event "Team 45 45 League T38"]
[Site "Internet Chess Club"]
[Date "2008.08.14"]
[Round "4"]
[White "Klampin"]
[Black "fledermaus"]
[Result "1/2-1/2"]
[WhiteElo "1999"]
[BlackElo "2049"]
[Opening "QGD: Orthodox defense, classical, 13.de"]
[ECO "D69"]
[Time "14:06:41"]
[TimeControl "2700+45"]

1. c4 e6 2. Nc3 d5 3. d4 Nf6 4. Bg5 Nbd7 5. e3 c6 6. Nf3 Be7 7. Rc1 O-O 8. Bd3
dxc4 9. Bxc4 Nd5 10. Bxe7 Qxe7 11. O-O Nxc3 12. Rxc3 e5 13. dxe5 Nxe5 14. Nxe5
Qxe5 15. f4 Qe4 16. Bb3 Bf5 17. g4 Rad8 18. Qe2 Bc8 19. f5 Rd4 20. Rf4 Qb1+ 21.
Rf1 Qe4 22. Rf4 {Game drawn by mutual agreement} 1/2-1/2

[Event "Team 45 45 League T38"]
[Site "Internet Chess Club"]
[Date "2008.08.18"]
[Round "4"]
[White "mfeatherston"]
[Black "superbeast"]
[Result "1/2-1/2"]
[WhiteElo "1832"]
[BlackElo "1838"]
[Opening "Sicilian: Grand Prix attack"]
[ECO "B23"]
[Time "17:44:02"]
[TimeControl "2700+45"]

1. e4 c5 2. Nc3 Nc6 3. f4 e6 4. Nf3 d5 5. Bb5 Ne7 6. exd5 Nxd5 7. Bxc6+ bxc6 8.
d3 Bd6 9. O-O Nxf4 10. Nd2 O-O 11. Nc4 Nd5 12. Ne4 Be7 13. Qe2 f5 14. Ned2 Bf6
15. Nf3 Qe7 16. Nfe5 Qc7 17. Bd2 Ba6 18. Rab1 Rab8 19. Kh1 Rfe8 20. a3 Bxc4 21.
Nxc4 Qd7 22. Ne5 Qd6 23. Nc4 Qc7 {Game drawn by mutual agreement} 1/2-1/2

[Event "Team 45 45 League T38"]
[Site "Internet Chess Club"]
[Date "2008.08.15"]
[Round "4"]
[White "vaknight"]
[Black "bmw2002"]
[Result "1/2-1/2"]
[WhiteElo "1584"]
[BlackElo "1592"]
[Opening "Bird's opening"]
[ECO "A02"]
[Time "20:10:48"]
[TimeControl "2700+45"]

1. f4 b6 2. Nf3 Bb7 3. e3 Nf6 4. b3 d5 5. Bb2 c5 6. Bb5+ Nc6 7. Ne5 Rc8 8. Qe2
e6 9. d3 Be7 10. Na3 O-O 11. Nxc6 Bxc6 12. Ba6 Rc7 13. O-O Bb7 14. Be5 Bd6 15.
Bxd6 Qxd6 16. Nb5 Qc6 17. Nxc7 Bxa6 18. Nxa6 b5 19. Nxc5 Qxc5 20. c4 bxc4 21.
bxc4 dxc4 22. dxc4 Ne4 23. Qd3 f5 24. Rab1 Qa5 25. Rb7 Nc5 26. Qd6 Nxb7 27.
Qxe6+ Kh8 28. Qe7 Rb8 29. Rb1 Qd2 30. h3 h6 31. Kh1 Qxa2 32. Rxb7 Rxb7 33. Qxb7
Qxc4 34. Qxa7 Qc1+ 35. Kh2 Kh7 36. Qe7 Qc2 37. Qe5 Kg6 38. Kg3 Qd3 39. h4 h5 40.
Qd4 Qe2 41. Qd6+ Kh7 42. Qe7 {Game drawn by mutual agreement} 1/2-1/2

[Event "Team 45 45 League T38"]
[Site "Internet Chess Club"]
[Date "2008.08.19"]
[Round "4"]
[White "sra66"]
[Black "NXS"]
[Result "1-0"]
[WhiteElo "1607"]
[BlackElo "1419"]
[Opening "QGD Slav: 4.Nc3"]
[ECO "D15"]
[Time "19:27:32"]
[TimeControl "2700+45"]

1. d4 d5 2. c4 c6 3. Nf3 Nf6 4. Nc3 Bg4 5. e3 e6 6. Bd3 Bd6 7. O-O Qc7 8. h3 Bh5
9. cxd5 exd5 10. e4 dxe4 11. Nxe4 Nxe4 12. Bxe4 Nd7 13. Qd3 O-O-O 14. b4 Bxb4
15. Rb1 Bd6 16. Ba3 Nf6 17. Bxd6 Rxd6 18. Ne5 Nxe4 19. Qxe4 Kb8 20. Rfc1 Ka8 21.
Rb4 f6 22. Nc4 Bg6 23. Qf3 Rd7 24. d5 Rxd5 25. Nb6+ axb6 26. Qxd5 Qe7 27. Ra4+
Kb8 28. Qd4 c5 29. Qf4+ Qc7 30. Ra8+ Kxa8 31. Qxc7 Rf8 32. Rc3 Rf7 33. Ra3#
{Black checkmated} 1-0

[Event "Team 45 45 League T38"]
[Site "Internet Chess Club"]
[Date "2008.08.17"]
[Round "4"]
[White "nissehult"]
[Black "cesaralexander"]
[Result "1/2-1/2"]
[WhiteElo "2016"]
[BlackElo "1905"]
[Opening "Queen's Indian: Riumin variation"]
[ECO "E16"]
[Time "15:02:18"]
[TimeControl "2700+45"]

1. d4 Nf6 2. c4 e6 3. Nf3 b6 4. g3 Bb7 5. Bg2 Bb4+ 6. Bd2 Be7 7. Nc3 d6 8. Qc2
Nbd7 9. e4 e5 10. O-O O-O 11. Rad1 c6 12. Bg5 Qc7 13. Bh3 Rfe8 14. dxe5 dxe5 15.
Rd2 h6 16. Be3 Rad8 17. Rfd1 Nf8 18. Qa4 a6 19. Qc2 b5 20. c5 a5 21. Nh4 Bc8 22.
Bxc8 Qxc8 23. Nf5 Rxd2 24. Qxd2 Ne6 25. Nd6 Bxd6 26. cxd6 Nd7 27. Ne2 Qa6 28. f4
f6 29. fxe5 fxe5 30. Rf1 Rf8 31. Rxf8+ Nexf8 32. Qd3 Qb7 33. Qb3+ Kh7 34. Qf7
Qb8 35. Qf5+ Kg8 36. Bd2 Qxd6 37. Bxa5 b4 38. Qf2 Ne6 39. h4 Qd1+ 40. Kg2 Qa4
41. Qa7 Nf6 42. Qb8+ Kh7 43. Qxe5 Qxa2 44. Bxb4 Qc4 45. Ng1 Qxb4 46. Qxe6 Qxb2+
47. Kh3 Qf2 48. Qf5+ Qxf5+ 49. exf5 h5 50. Kg2 Kg8 51. Kf3 Kf7 52. Ne2 Ke7 53.
Kf4 c5 54. Ke5 Kd7 55. Nf4 Ng4+ 56. Kd5 Nf6+ 57. Kxc5 Ne4+ 58. Kd5 Nxg3 59. Ke5
Ke7 60. Ne6 Kf7 61. Kf4 Ne2+ 62. Kg5 Ng3 63. Nf4 Ne4+ 64. Kxh5 Kf6 {Game drawn
by mutual agreement} 1/2-1/2

[Event "Team 45 45 League T38"]
[Site "Internet Chess Club"]
[Date "2008.08.18"]
[Round "4"]
[White "primerpaso"]
[Black "Intelectual"]
[Result "0-1"]
[WhiteElo "1885"]
[BlackElo "1930"]
[Opening "King's Indian: Pomar system"]
[ECO "A16"]
[Time "19:05:07"]
[TimeControl "2700+45"]

1. c4 Nf6 2. Nc3 g6 3. g3 Bg7 4. Bg2 O-O 5. e4 d6 6. Nge2 e5 7. d4 Nc6 8. d5 Ne7
9. O-O Ne8 10. Be3 f5 11. c5 Nf6 12. cxd6 cxd6 13. Bg5 h6 14. Bxf6 Rxf6 15. Qd2
Bd7 16. Rac1 Rc8 17. f4 Qb6+ 18. Kh1 Kh7 19. fxe5 dxe5 20. Rcd1 Rd6 21. Rfe1 Rf8
22. exf5 gxf5 23. Nf4 Ng6 24. Nh5 Bh8 25. g4 Nh4 26. gxf5 Nxg2 27. Qxg2 Bxf5 28.
Ne4 Rg6 29. Nhg3 Bg7 30. Rd3 Qb4 31. Qd2 Bxe4+ 32. Rxe4 Qxe4+ 33. Kg1 h5 {White
resigns} 0-1

[Event "Team 45 45 League T38"]
[Site "Internet Chess Club"]
[Date "2008.08.14"]
[Round "4"]
[White "Silenita"]
[Black "Avedldesierto"]
[Result "0-1"]
[WhiteElo "1855"]
[BlackElo "1781"]
[Opening "Giuoco Pianissimo: Italian four knights variation"]
[ECO "C46"]
[Time "21:00:28"]
[TimeControl "2700+45"]

1. e4 e5 2. Nf3 Nc6 3. Nc3 Bc5 4. Bc4 Nf6 5. d3 O-O 6. h3 d6 7. Be3 Bxe3 8. fxe3
Na5 9. Bb3 Nxb3 10. axb3 Be6 11. O-O c6 12. Qe1 Qb6 13. Qf2 Qb4 14. Nh4 d5 15.
Nf5 Bxf5 16. exf5 c5 17. Ra4 Qb6 18. g4 d4 19. Ne4 Nxe4 20. dxe4 Qc6 21. exd4
cxd4 22. Qg2 a6 23. g5 Rac8 24. Rc4 Qb6 25. Rxc8 Rxc8 26. Rf2 d3 27. cxd3 Rc1+
28. Kh2 Qxb3 29. Rd2 Rd1 30. Rc2 Kf8 31. Rc3 Qb6 32. f6 gxf6 33. gxf6 Qxf6 34.
Rc8+ Ke7 35. Rc7+ Kd6 36. Rd7+ Kxd7 37. Qg4+ Ke7 38. Qxd1 Qf2+ 39. Kh1 Qxb2 40.
Qg1 Qd2 41. Qc5+ Kf6 42. Qd6+ Kg5 43. Qxe5+ Kh4 44. Qf6+ Kxh3 45. Qf3+ Kh4 46.
Qf6+ Kg4 47. Qf5+ Kg3 48. Qe5+ Qf4 49. Qg7+ Kf3 50. Qg2+ Ke3 51. Qc2 Qf1+ {White
resigns} 0-1

[Event "Team 45 45 League T38"]
[Site "Internet Chess Club"]
[Date "2008.08.14"]
[Round "4"]
[White "frankjoshua"]
[Black "f5"]
[Result "0-1"]
[WhiteElo "1975"]
[BlackElo "2196"]
[Opening "Réti: Lisitsin gambit deferred"]
[ECO "A04"]
[Time "18:15:38"]
[TimeControl "2700+45"]

1. Nf3 f5 2. d3 Nf6 3. e4 d6 4. Nc3 g6 5. g3 Nc6 6. Bg2 Bg7 7. O-O e5 8. Bg5 h6
9. Be3 Ng4 10. Nh4 Ne7 11. d4 Nxe3 12. fxe3 O-O 13. Qd3 c6 14. Rf2 f4 15. gxf4
exf4 16. Rxf4 Rxf4 17. exf4 Qb6 18. Rd1 Bg4 19. Bf3 Be6 20. Kh1 Rf8 21. Ng2 d5
22. Na4 Qa5 23. Nc5 Bc8 24. a3 Qc7 25. Qb3 Kh7 26. exd5 cxd5 27. c3 b6 28. Nd3
Ba6 29. Ne5 Qd6 30. Rg1 Qe6 31. Bg4 Nf5 32. Nh4 Bxe5 33. fxe5 Bd3 34. h3 Be4+
35. Kh2 Qe7 36. Nxf5 gxf5 37. Qb4 Qxb4 38. axb4 fxg4 39. Rxg4 a5 40. bxa5 bxa5
41. Kg3 Rf3+ 42. Kh4 Bf5 43. Rg3 Rf4+ {White resigns} 0-1

[Event "Team 45 45 League T38"]
[Site "Internet Chess Club"]
[Date "2008.08.18"]
[Round "4"]
[White "Budzo"]
[Black "political"]
[Result "0-1"]
[WhiteElo "1705"]
[BlackElo "1837"]
[Opening "Réti opening"]
[ECO "A30"]
[Time "18:30:14"]
[TimeControl "2700+45"]

1. Nf3 c5 2. c4 Nc6 3. Nc3 g6 4. e3 Bg7 5. d4 cxd4 6. exd4 d6 7. Be3 Bg4 8. Be2
Nh6 9. d5 Nb8 10. Bd4 O-O 11. Bxg7 Kxg7 12. h3 Bxf3 13. Bxf3 Qb6 14. Qb3 Qxb3
15. axb3 Nd7 16. Be2 a5 17. O-O Nc5 18. Ra3 b6 19. g4 g5 20. Nb5 f5 21. Nd4 fxg4
22. Bxg4 Nxg4 23. hxg4 Rf4 24. Nf5+ Kf6 25. f3 h5 26. Kg2 hxg4 27. fxg4 Rxg4+
28. Ng3+ Kg6 29. Kh3 Rh4+ 30. Kg2 Rah8 31. Rh1 Rxh1 32. Nxh1 Nd3 33. Ra2 Rf8 34.
Kg3 Rf1 35. Kg2 Rb1 {White resigns} 0-1

[Event "Team 45 45 League T38"]
[Site "Internet Chess Club"]
[Date "2008.08.17"]
[Round "4"]
[White "frankd"]
[Black "Avedldesierto"]
[Result "0-1"]
[WhiteElo "1665"]
[BlackElo "1787"]
[Opening "Réti opening"]
[ECO "A04"]
[Time "21:06:53"]
[TimeControl "2700+45"]

1. Nf3 Nc6 2. g3 e6 3. Bg2 d5 4. d3 Nf6 5. O-O Bd6 6. Nbd2 h6 7. Re1 O-O 8. e4
e5 9. exd5 Nxd5 10. Nc4 f6 11. Nh4 Nde7 12. Qh5 Qe8 13. Qd1 Be6 14. Ne3 Rd8 15.
Bf3 a5 16. Bh5 Qd7 17. Ng6 Nxg6 18. Bxg6 f5 19. Ng2 Rf6 20. Bh5 Bc5 21. Be3 Bd6
22. f4 e4 23. d4 Ne7 24. Qe2 g6 25. c4 c6 26. d5 cxd5 27. Bd4 Rff8 28. cxd5 Bxd5
29. Red1 gxh5 30. Qxh5 Qe6 31. Ne3 Kh7 32. b3 Rg8 33. Kf2 Qg6 34. Qe2 Bf7 35.
Bb6 Ra8 36. Qb5 Bb4 37. Rac1 Be8 38. Qe5 Qxb6 {White resigns} 0-1

[Event "Team 45 45 League T38"]
[Site "Internet Chess Club"]
[Date "2008.08.18"]
[Round "4"]
[White "sallegreco"]
[Black "clarinetref"]
[Result "0-1"]
[WhiteElo "1481"]
[BlackElo "1684"]
[Opening "King's pawn opening"]
[ECO "B07"]
[Time "13:35:56"]
[TimeControl "2700+45"]

1. e4 d6 2. Nc3 g6 3. f4 Bg7 4. Nf3 Nf6 5. h3 c5 6. Be2 O-O 7. O-O a6 8. a4 Nc6
9. d3 Rb8 10. Nb1 b5 11. axb5 axb5 12. c3 Qb6 13. Be3 b4 14. c4 Nh5 15. Bc1 Ng3
16. Rf2 Nd4 17. Bf1 f5 18. Kh2 Nh5 19. e5 Nxf3+ 20. Qxf3 dxe5 21. fxe5 Bxe5+ 22.
Kg1 Bb7 23. Qe2 Qd6 24. Qd1 Bd4 25. Be2 Bxf2+ 26. Kxf2 Qg3+ {White resigns} 0-1

[Event "Team 45 45 League T38"]
[Site "Internet Chess Club"]
[Date "2008.08.17"]
[Round "4"]
[White "RD1974"]
[Black "arriero55"]
[Result "1/2-1/2"]
[WhiteElo "1592"]
[BlackElo "1468"]
[Opening "Sicilian: closed"]
[ECO "B23"]
[Time "18:32:17"]
[TimeControl "2700+45"]

1. e4 c5 2. Nc3 e6 3. g3 g6 4. Bg2 Bg7 5. d3 Nf6 6. Be3 Qc7 7. h3 a6 8. Qd2 d6
9. Nf3 Nc6 10. Bh6 O-O 11. O-O Rb8 12. Bxg7 Kxg7 13. Nd1 Bd7 14. Nh4 Qc8 15. f4
Ng8 16. Ne3 b5 17. Rf2 f5 18. Kh2 Nce7 19. exf5 exf5 20. Qc3+ Nf6 21. Re1 b4 22.
Qd2 Qc7 23. Rfe2 a5 24. d4 Bb5 25. Nc4 Neg8 26. b3 Rbe8 27. Rxe8 Rxe8 28. Rxe8
Nxe8 29. dxc5 Bxc4 30. Qd4+ Ngf6 31. Qxc4 Qxc5 32. Qa6 Kf8 33. Qd3 Nc7 {Game
drawn by mutual agreement} 1/2-1/2

[Event "Team 45 45 League T38"]
[Site "Internet Chess Club"]
[Date "2008.08.19"]
[Round "4"]
[White "Tomate"]
[Black "Aquaman"]
[Result "1-0"]
[WhiteElo "1468"]
[BlackElo "1391"]
[Opening "QP counter-gambit: Maroczy gambit"]
[ECO "C40"]
[Time "20:00:09"]
[TimeControl "2700+45"]

1. e4 e5 2. Nf3 d5 3. exd5 Bd6 4. d4 e4 5. Ne5 Nf6 6. Bc4 O-O 7. O-O Re8 8. Bg5
h6 9. Bf4 Nbd7 10. Nc3 Nxe5 11. dxe5 Bxe5 12. Bxe5 Rxe5 13. Qd4 Qe7 14. Rae1 Bf5
15. f4 exf3 16. Rxe5 Qd7 17. Rxf3 g6 18. Rexf5 gxf5 19. Qxf6 f4 20. Rxf4 Re8 21.
d6 Rf8 22. dxc7 a6 23. Bxf7+ Kh7 24. Bg6+ Kg8 25. Qxf8# {Black checkmated} 1-0